PIO (24 & UNDER)
SEATTLE RAINIERS @ SALEM SLEDGEHAMMERS
08/22/2024
 
TOP OF THE 1ST
Seattle Rainiers batting - Pitching for Salem Sledgehammers : RHP Carlos Morán
Pitching: RHP Carlos Morán
Batting: LHB Alan Moore 0-0: Foul Ball, location: 2F
0-1: Swinging Strike
0-2: Foul Ball, location: 2F
0-2: Ball
1-2: Strikes out swinging
Batting: RHB Enrique Mendoza 0-0: Ball
1-0: Swinging Strike
1-1: Swinging Strike
1-2: Strikes out swinging
Batting: RHB Jorge Montoya 0-0: SINGLE (Line Drive, 78S)
Batting: LHB Brian Boone 0-0: Called Strike
0-1: Fly out, F8 (Flyball, 8LM)
Top of the 1st over - 0 run(s), 1 hit(s), 0 error(s), 1 left on base; Seattle 0 - Salem 0
BOTTOM OF THE 1ST
Salem Sledgehammers batting - Pitching for Seattle Rainiers : LHP William Gordon
Pitching: LHP William Gordon
Batting: LHB Nathan Frey 0-0: Called Strike
0-1: Ground out 4-3 (Groundball, 4)
Batting: RHB Patrick Daniels 0-0: Ball
1-0: Ball
2-0: Foul Ball, location: 2F
2-1: Ball
3-1: Called Strike
3-2: Foul Ball, location: 2F
3-2: Strikes out swinging
Batting: RHB Glenn Broadwater 0-0: Foul Ball, location: 2F
0-1: Swinging Strike
0-2: Ball
1-2: Foul Ball, location: 2F
1-2: Ball
2-2: Ball
3-2: Strikes out looking
Bottom of the 1st over - 0 run(s), 0 hit(s), 0 error(s), 0 left on base; Seattle 0 - Salem 0
TOP OF THE 2ND
Seattle Rainiers batting - Pitching for Salem Sledgehammers : RHP Carlos Morán
Batting: RHB Roberto Pérez 0-0: Ball
1-0: Ball
2-0: SINGLE (Flyball, 8RS)
Batting: SHB Vicente Pagán 0-0: Ball
1-0: SINGLE (Groundball, 34) (infield hit)
Roberto Pérez to second
Batting: RHB Robert Marks 0-0: Called Strike
0-1: Ball
1-1: Ball
2-1: Ball
3-1: Called Strike
3-2: Strikes out swinging
Batting: RHB Doug Williams 0-0: Foul Ball, location: 2F
0-1: Ball
1-1: Grounds into double play, 6-4-3 (Groundball, 6M)
Top of the 2nd over - 0 run(s), 2 hit(s), 0 error(s), 1 left on base; Seattle 0 - Salem 0
BOTTOM OF THE 2ND
Salem Sledgehammers batting - Pitching for Seattle Rainiers : LHP William Gordon
Batting: RHB Dale Reeves 0-0: Fly out, F8 (Flyball, 89M)
Batting: LHB Juan Aguilar 0-0: Ball
1-0: Called Strike
1-1: Ball
2-1: Foul Ball, location: 2F
2-2: DOUBLE (Line Drive, 9D)
Batting: RHB Finn Buys 0-0: Foul Ball, location: 2F
0-1: Ball
1-1: Ball
2-1: Called Strike
2-2: Ball
3-2: Base on Balls
Batting: RHB Robert Stevens 0-0: Ball
1-0: Called Strike
1-1: Ball
2-1: SINGLE (Flyball, 8LS)
Juan Aguilar to third
Finn Buys to second
Runner from 3rd tries for Home, SAFE, no throw or cutoff
Pitching: RHP Nick Clark
Batting: RHB Sergio Mata 0-0: Ball
1-0: Called Strike
1-1: Fielders Choice at 2nd, 2-4 (Groundball, 2R)
Finn Buys to third
Batting: LHB Caleb Hall 0-0: Ball
1-0: Called Strike
1-1: Ball
2-1: Ground out U3 (Groundball, 3L)
Bottom of the 2nd over - 1 run(s), 2 hit(s), 0 error(s), 2 left on base; Seattle 0 - Salem 1
TOP OF THE 3RD
Seattle Rainiers batting - Pitching for Salem Sledgehammers : RHP Carlos Morán
Batting: RHB Jorge Colón 0-0: Called Strike
0-1: Foul Ball, location: 2F
0-2: Foul Ball, location: 2F
0-2: Reached on error, E6 (Groundball, 6)
Batting: LHB Alan Moore 0-0: Called Strike
0-1: Ball
1-1: Ball
2-1: Ball
3-1: Foul Ball, location: 2F
Balk!
Jorge Colón to second
3-2: Foul Ball, location: 2F
3-2: Foul Ball, location: 2F
3-2: Strikes out swinging
Batting: RHB Enrique Mendoza 0-0: Called Strike
0-1: Foul Ball, location: 2F
0-2: Ball
1-2: Ball
2-2: Foul Ball, location: 2F
2-2: Foul Ball, location: 2F
2-2: Reached on error, E6 (Groundball, 6M)
Jorge Colón to third
Batting: RHB Jorge Montoya 0-0: Ball
Enrique Mendoza steals 2nd base
1-0: Called Strike
1-1: Called Strike
1-2: Ball
2-2: Fly out, F5 (Line Drive, 5L)
Batting: LHB Brian Boone 0-0: Ball
1-0: Foul Ball, location: 2F
1-1: Ball
2-1: Ball
3-1: Foul Ball, location: 2F
3-2: Base on Balls
Batting: RHB Roberto Pérez 0-0: Foul Ball, location: 2F
0-1: Ball
1-1: Called Strike
1-2: Strikes out swinging
Top of the 3rd over - 0 run(s), 0 hit(s), 2 error(s), 3 left on base; Seattle 0 - Salem 1
BOTTOM OF THE 3RD
Salem Sledgehammers batting - Pitching for Seattle Rainiers : RHP Nick Clark
Batting: LHB Nathan Frey 0-0: Ball
1-0: Ball
2-0: Called Strike
2-1: Ground out 5-3 (Groundball, 5)
Batting: RHB Patrick Daniels 0-0: Swinging Strike
0-1: Ball
1-1: Called Strike
1-2: Strikes out looking
Batting: RHB Glenn Broadwater 0-0: Ball
1-0: Ball
2-0: SINGLE (Groundball, 4M)
Batting: RHB Dale Reeves 0-0: Foul Ball, location: 2F
0-1: Fly out, F4 (Popup, 4M)
Bottom of the 3rd over - 0 run(s), 1 hit(s), 0 error(s), 1 left on base; Seattle 0 - Salem 1
TOP OF THE 4TH
Seattle Rainiers batting - Pitching for Salem Sledgehammers : RHP Carlos Morán
Batting: SHB Vicente Pagán 0-0: Ball
1-0: Foul Ball, location: 2F
1-1: Ground out 4-3 (Groundball, 4)
Batting: RHB Robert Marks 0-0: Called Strike
0-1: Swinging Strike
0-2: Ball
1-2: Ball
2-2: Ground out 4-3 (Groundball, 4)
Batting: RHB Doug Williams 0-0: Called Strike
0-1: Called Strike
0-2: Fly out, F9 (Flyball, 9S)
Top of the 4th over - 0 run(s), 0 hit(s), 0 error(s), 0 left on base; Seattle 0 - Salem 1
BOTTOM OF THE 4TH
Salem Sledgehammers batting - Pitching for Seattle Rainiers : RHP Nick Clark
Batting: LHB Juan Aguilar 0-0: Ground out 4-3 (Groundball, 34)
Batting: RHB Finn Buys 0-0: Called Strike
0-1: Called Strike
0-2: Ball
1-2: Ball
2-2: Strikes out swinging
Batting: RHB Robert Stevens 0-0: Called Strike
0-1: Foul Ball, location: 2F
0-2: Ball
1-2: Ball
2-2: Foul Ball, location: 2F
2-2: Ball
3-2: Base on Balls
Batting: RHB Sergio Mata 0-0: Ball
1-0: Called Strike
1-1: Foul Ball, location: 2F
1-2: Strikes out swinging
Bottom of the 4th over - 0 run(s), 0 hit(s), 0 error(s), 1 left on base; Seattle 0 - Salem 1
TOP OF THE 5TH
Seattle Rainiers batting - Pitching for Salem Sledgehammers : RHP Carlos Morán
Batting: RHB Jorge Colón 0-0: Ball
1-0: Ball
2-0: Ground out 1-3 (Groundball, 25)
Batting: LHB Alan Moore 0-0: Ball
1-0: Called Strike
1-1: Fly out, F7 (Flyball, 7S)
Batting: RHB Enrique Mendoza 0-0: Called Strike
0-1: Called Strike
0-2: Fly out, F9 (Flyball, 9M)
Top of the 5th over - 0 run(s), 0 hit(s), 0 error(s), 0 left on base; Seattle 0 - Salem 1
BOTTOM OF THE 5TH
Salem Sledgehammers batting - Pitching for Seattle Rainiers : RHP Nick Clark
Batting: LHB Caleb Hall 0-0: Ball
1-0: Ball
2-0: Ball
3-0: Base on Balls
Batting: LHB Nathan Frey 0-0: Called Strike
0-1: Ball
1-1: Ball
Wild Pitch!
Caleb Hall to second
2-1: Intentional Walk
Batting: RHB Patrick Daniels 0-0: Ball
1-0: Swinging Strike
1-1: SINGLE (Groundball, 5L)
Caleb Hall to third
Nathan Frey to second
Batting: RHB Glenn Broadwater 0-0: Called Strike
0-1: Ball
1-1: Foul Ball, location: 2F
1-2: Foul Ball, location: 2F
1-2: Strikes out swinging
Batting: RHB Dale Reeves 0-0: TRIPLE (Flyball, 89D)
Caleb Hall scores
Nathan Frey scores
Patrick Daniels scores
Batting: LHB Juan Aguilar 0-0: Intentional Walk
Batting: RHB Finn Buys 0-0: Ball
1-0: SINGLE (Line Drive, 5D)
Dale Reeves scores
Juan Aguilar to second
Batting: RHB Robert Stevens 0-0: Ball
1-0: Foul Ball, location: 2F
1-1: Called Strike
1-2: Strikes out swinging
Batting: RHB Sergio Mata 0-0: Foul Ball, location: 2F
0-1: Swinging Strike
0-2: Strikes out looking
Bottom of the 5th over - 4 run(s), 3 hit(s), 0 error(s), 2 left on base; Seattle 0 - Salem 5
TOP OF THE 6TH
Seattle Rainiers batting - Pitching for Salem Sledgehammers : RHP Carlos Morán
Batting: RHB Jorge Montoya 0-0: Ball
1-0: Called Strike
1-1: Ball
2-1: Ball
3-1: Foul Ball, location: 2F
3-2: Strikes out swinging
Pitching: RHP John Harris
Batting: LHB Brian Boone 0-0: Called Strike
0-1: Ball
1-1: Foul Ball, location: 2F
1-2: Ground out 4-3 (Groundball, 4)
Batting: RHB Roberto Pérez 0-0: Swinging Strike
0-1: Swinging Strike
0-2: Ground out 1-3 (Groundball, 13)
Top of the 6th over - 0 run(s), 0 hit(s), 0 error(s), 0 left on base; Seattle 0 - Salem 5
BOTTOM OF THE 6TH
Salem Sledgehammers batting - Pitching for Seattle Rainiers : RHP Nick Clark
Pitching: RHP Brandon Sweet
Batting: LHB Caleb Hall 0-0: Foul Ball, location: 2F
0-1: Fly out, F8 (Flyball, 8RS)
Batting: LHB Nathan Frey 0-0: Foul Ball, location: 2F
0-1: Foul Ball, location: 2F
0-2: Ball
1-2: Foul Ball, location: 2F
1-2: Fly out, F7 (Line Drive, 7S)
Batting: RHB Patrick Daniels 0-0: Ball
1-0: Called Strike
1-1: DOUBLE (Flyball, 89XD)
Batting: RHB Glenn Broadwater 0-0: Fly out, F2 (Popup, 23F)
Bottom of the 6th over - 0 run(s), 1 hit(s), 0 error(s), 1 left on base; Seattle 0 - Salem 5
TOP OF THE 7TH
Seattle Rainiers batting - Pitching for Salem Sledgehammers : RHP John Harris
Batting: SHB Vicente Pagán 0-0: Called Strike
0-1: Fly out, F9 (Flyball, 9M)
Batting: RHB Robert Marks 0-0: Ball
1-0: SINGLE (Line Drive, 6MD)
Batting: RHB Doug Williams 0-0: Swinging Strike
0-1: Ball
1-1: Ball
2-1: Swinging Strike
2-2: Strikes out swinging
Batting: RHB Jorge Colón 0-0: Ball
1-0: Ball
2-0: Called Strike
2-1: Swinging Strike
2-2: Foul Ball, location: 2F
2-2: Strikes out swinging
Top of the 7th over - 0 run(s), 1 hit(s), 0 error(s), 1 left on base; Seattle 0 - Salem 5
BOTTOM OF THE 7TH
Salem Sledgehammers batting - Pitching for Seattle Rainiers : RHP Brandon Sweet
Batting: RHB Dale Reeves 0-0: Foul Ball, location: 2F
0-1: TRIPLE (Line Drive, 8RXD)
Batting: LHB Juan Aguilar 0-0: Intentional Walk
Batting: RHB Finn Buys 0-0: Called Strike
0-1: Foul Ball, location: 2F
0-2: SINGLE (Groundball, 56D)
Dale Reeves scores
Juan Aguilar to second
Batting: RHB Robert Stevens 0-0: Ball
1-0: Bunted foul
1-1: Bunted foul
1-2: Ball
2-2: DOUBLE (Line Drive, 78M)
Juan Aguilar scores
Finn Buys to third
Batting: RHB Sergio Mata 0-0: Foul Ball, location: 2F
0-1: Ground out 6-3 (Groundball, 6)
Finn Buys scores
Batting: LHB Caleb Hall 0-0: Ball
1-0: Ground out 4-3 (Groundball, 4)
Robert Stevens to third
Now at 2B: Bill Dawson
Batting: LHB Nathan Frey 0-0: Called Strike
0-1: Ball
1-1: Foul Ball, location: 2F
1-2: Strikes out swinging
Bottom of the 7th over - 3 run(s), 3 hit(s), 0 error(s), 1 left on base; Seattle 0 - Salem 8
TOP OF THE 8TH
Seattle Rainiers batting - Pitching for Salem Sledgehammers : RHP John Harris
Batting: LHB Alan Moore 0-0: Ball
1-0: Foul Ball, location: 2F
1-1: Called Strike
1-2: SINGLE (Groundball, 34D) (infield hit)
Batting: RHB Enrique Mendoza 0-0: Swinging Strike
0-1: Ground out U3 (Groundball, 3S)
Alan Moore to second
Pitching: RHP Guillermo Martínez
Batting: RHB Bill Dawson 0-0: Swinging Strike
0-1: Ball
1-1: Ball
2-1: Ground out 4-3 (Groundball, 4)
Alan Moore to third
Batting: LHB Brian Boone 0-0: Fly out, F7 (Flyball, 7D)
Top of the 8th over - 0 run(s), 1 hit(s), 0 error(s), 1 left on base; Seattle 0 - Salem 8
BOTTOM OF THE 8TH
Salem Sledgehammers batting - Pitching for Seattle Rainiers : RHP Brandon Sweet
Pitching: RHP Dani Vásquez
Batting: RHB Patrick Daniels 0-0: Foul Ball, location: 2F
0-1: Ball
1-1: Ball
2-1: Ball
3-1: Fly out, F9 (Flyball, 9M)
Batting: RHB Glenn Broadwater 0-0: Called Strike
0-1: Swinging Strike
0-2: Strikes out swinging
Batting: RHB Dale Reeves 0-0: Fly out, F8 (Flyball, 8LM)
Bottom of the 8th over - 0 run(s), 0 hit(s), 0 error(s), 0 left on base; Seattle 0 - Salem 8
TOP OF THE 9TH
Seattle Rainiers batting - Pitching for Salem Sledgehammers : RHP Guillermo Martínez
Batting: RHB Roberto Pérez 0-0: Ball
1-0: Called Strike
1-1: Swinging Strike
1-2: Strikes out swinging, 2-3 out at first.
Batting: SHB Vicente Pagán 0-0: Called Strike
0-1: Ball
1-1: Ball
2-1: Ball
3-1: Base on Balls
Batting: RHB Robert Marks 0-0: Ball
1-0: Ball
2-0: Ball
3-0: Base on Balls
Vicente Pagán to second
Batting: RHB Doug Williams 0-0: Ball
1-0: Ball
2-0: Foul Ball, location: 2F
2-1: Foul Ball, location: 2F
2-2: Ball
3-2: Base on Balls
Vicente Pagán to third
Robert Marks to second
Batting: RHB Jorge Colón 0-0: Called Strike
0-1: Ball
1-1: Swinging Strike
1-2: Strikes out swinging
Batting: LHB Alan Moore 0-0: Foul Ball, location: 2F
0-1: Called Strike
0-2: Foul Ball, location: 2F
0-2: Strikes out swinging
Top of the 9th over - 0 run(s), 0 hit(s), 0 error(s), 3 left on base; Seattle 0 - Salem 8
This league is powered by Out of the Park Baseball, the baseball management simulation game for PC, Mac and Linux
Saturday, April 9th, 2016 - OOTP Baseball 16.8 Build 38